AoeStats
← So sad

Oasis

510166455Analyzed
3v3 RM · 2d ago on Sep 29, 2026· 37m 0s· 6 players
Game mode
Random Map
Map size
Normal (6 player)
Population
200
Speed
Normal
Resources
Standard
Victory
Conquest
Starting age
Dark Age
Ending age
Imperial Age
RankedLock teamsTeams togetherTeam positionsShared explorationLock speedFull tech treeHidden civsTurbo modeCheats
Victory
Defeat
🇹🇷 Bulgarians · Türkiye
1440
+13
🇹🇷 Teutons · Türkiye
1424
+13
🇵🇪 Saracens · Peru
1409
+14
🇺🇦 Bohemians · Ukraine
1379
-14
🇧🇾 Varangians · Belarus
1369
-13
🇧🇾 Franks · Belarus
1364
-13
Maech_
6:44 Loom
9:11 Feudal Age
11:15 Fletching
22:52 Castle Age
22:21 Padded Archer Armor
22:10 Double-Bit Axe
22:19 Horse Collar
22:57 Crossbowman
23:35 Bodkin Arrow
23:58 Thumb Ring
25:33 Ballistics
26:43 Wheelbarrow
33:13 Imperial Age
33:09 Bow Saw
35:03 Chemistry
34:24 Bracer
36:10 Arbalester
tokmakbaba
10:38 Feudal Age
11:42 Double-Bit Axe
15:52 Castle Age
14:06 Horse Collar
17:01 Bow Saw
20:35 Wheelbarrow
19:54 Loom
21:58 Stone Mining
22:04 Gold Mining
23:53 Hand Cart
23:59 Heavy Plow
24:07 Town Watch
29:28 Imperial Age
27:05 Town Patrol
28:17 Scale Mail Armor
28:27 Forging
29:27 Ironclad
29:37 Chain Mail Armor
29:57 Iron Casting
28:50 Pikeman
29:30 Squires
29:45 Fletching
29:54 Onager
31:40 Chemistry
32:03 Two-Man Saw
31:06 Halberdier
33:09 Plate Mail Armor
33:39 Blast Furnace
33:15 Conscription
33:52 Siege Engineers
35:03 Blast Furnace
34:58 Siege Onager
36:26 Masonry
37:26 Crop Rotation
36:47 Elite Teutonic Knight
g_ermeric
10:01 Loom
11:47 Feudal Age
13:48 Double-Bit Axe
16:04 Castle Age
14:33 Bloodlines
16:20 Scale Barding Armor
22:22 Forging
23:56 Horse Collar
26:09 Husbandry
27:16 Chain Barding Armor
28:41 Iron Casting
27:57 Fletching
29:25 Bodkin Arrow
30:46 Gold Mining
32:20 Wheelbarrow
34:12 Bow Saw
34:03 Heavy Plow
36:36 Town Watch
37:07 Hand Cart
HURMA
5:04 Loom
11:54 Feudal Age
15:47 Castle Age
14:44 Double-Bit Axe
14:41 Horse Collar
18:40 Caravan
21:10 Wheelbarrow
21:06 Town Watch
22:12 Bow Saw
22:33 Heavy Plow
25:31 Gold Mining
26:25 Hand Cart
27:44 Stone Mining
29:48 Stone Shaft Mining
32:53 Imperial Age
31:13 Ballistics
30:45 Fletching
30:55 Padded Archer Armor
31:25 Treadmill Crane
31:57 Masonry
32:41 Bodkin Arrow
32:51 Scale Barding Armor
32:47 Scale Mail Armor
32:57 Forging
33:26 Bloodlines
33:17 Husbandry
33:19 Gothikon
33:32 Elite Varangian Guard
34:34 Forging
36:59 Conscription
NiL
4:42 Loom
10:49 Feudal Age
20:11 Castle Age
19:36 Fletching
21:07 Bodkin Arrow
25:07 Horse Collar
26:08 Wheelbarrow
27:44 Double-Bit Axe
34:00 Ballistics
36:53 Hand Cart
So sad
11:10 Feudal Age
17:26 Castle Age
16:11 Gold Mining
16:41 Loom
16:42 Town Watch
22:44 Fletching
25:17 Bodkin Arrow
27:34 Wheelbarrow
28:52 Husbandry
31:32 Gold Shaft Mining
31:22 Padded Archer Armor
37:51 Imperial Age
Connection lost

Rejoining the realm…

Still unreachable

The connection could not be restored.

Session expired

The server has moved on; the page needs a fresh start.